 Dungeon Crawl Stone Soup version 0.31-a0-236-g9a0961fb85 (webtiles) character file.

Game seed: 18353955370629103634

1 Shard1697 the Shield-Bearer (level 1, 0/19 HPs)
             Began as a Meteoran Fighter on July 10, 2023.
             Slain by a goblin
             ... wielding a +0 dagger
              (3 damage)
             ... on level 1 of the Dungeon.
             The game lasted 00:00:29 (100 turns).

Shard1697 the Shield-Bearer (Meteoran Fighter)       Turns: 100, Time: 00:00:30

Health: 0/19       AC:  6    Str: 17    XL:     1   Next: 28%
Magic:  2/2        EV:  9    Int:  9    God:
Gold:   6          SH:  5    Dex: 13    Spells: 0/0 levels left

rFire   . . .        a - +0 war axe
rCold   . . .        c - +0 buckler
rNeg    . . .        b - +0 scale mail
rPois   .            (no helmet)
rElec   .            (no cloak)
rCorr   .            (no gloves)
SInv    .            (no boots)
Will    .....        (no amulet) Stlth
                     (no ring)
HPRegen 0.23/turn    (no ring)
MPRegen 0.08/turn

%: no passive effects
@: glowing
A: sense surroundings 1, otherworldly, glowing, explore regen
a: no special abilities


You were on level 1 of the Dungeon.
You visited 1 branch of the dungeon, and saw 1 of its levels.

You collected 6 gold pieces.

Inventory:

Hand Weapons
 a - a +0 war axe (weapon)
Armour
 b - a +0 scale mail (worn)
 c - a +0 buckler (worn)
Potions
 d - 2 potions of might
 e - a potion of brilliance {unknown}


   Skills:
 - Level 3.2 Fighting
 + Level 2.6 Axes
 - Level 3.6 Armour
 - Level 3.6 Shields


You couldn't memorise any spells.
You didn't know any spells.
Your spell library was empty.

Dungeon Overview and Level Annotations

Branches:
Dungeon (1/15) Zot: 494

Altars:

Shops:
D:1 ?


Innate Abilities, Weirdness & Mutations

You passively map a small area around you.
You are easily found by Zot.
You glow in the dark.
You regain HP and MP as you explore.


Message History

You hit the frilled lizard.
You kill the frilled lizard!
d - 2 potions of might (gained 1)
A goblin comes into view. It is wielding a +0 club.
Found a leather armour.
A hobgoblin comes into view.
The hobgoblin shouts!
A rat comes into view.
A goblin comes into view. It is wielding a +0 dagger.
The goblin shouts!
You block the goblin's attack.
You hit the goblin but do no damage.
The goblin hits you but does no damage. x2
The hobgoblin hits you.
You hit the hobgoblin but do no damage. You slash the rat!
You kill the rat!
You barely miss the goblin. The goblin misses you. The hobgoblin hits you.
You hit the hobgoblin.
The hobgoblin is almost dead.
You closely miss the goblin. You block the goblin's attack.
You block the hobgoblin's attack.
The hobgoblin hits you but does no damage.
The goblin misses you.
You closely miss the hobgoblin.
The hobgoblin is almost dead.
You hit the goblin but do no damage. You barely miss the goblin.
The goblin hits you with a +0 club. The hobgoblin hits you.
The goblin hits you but does no damage.
You closely miss the goblin. You closely miss the hobgoblin.
You hit the goblin. The goblin closely misses you.
You block the goblin's attack. The hobgoblin barely misses you.
The hobgoblin hits you but does no damage.
The goblin closely misses you. The goblin hits you but does no damage.
You barely miss the goblin. You closely miss the goblin.
You barely miss the hobgoblin. The goblin hits you with a +0 club.
You block the hobgoblin's attack. The goblin hits you with a +0 dagger.
* * * LOW HITPOINT WARNING * * *
You barely miss the goblin. You closely miss the goblin. You hit the hobgoblin.
You kill the hobgoblin!
The goblin misses you. The goblin hits you with a +0 dagger.
You die...

#################
#...............######
#....................#
#....................###
+.......)...............
#.............).=.......
...###+###..............
...# ,* #......@†..[## ,
##..# , #......gg...#
#...................# ,
############.#........#
~~...#.....#.#........#
.....#..<..#.##..##...#
~....#.....#.*##.# ...#
.....#####'# #.. ...#
.....'.♣♣#.# * ,


You could see 2 goblins.

Vanquished Creatures
  A hobgoblin (D:1)
  A frilled lizard (D:1)
  A rat (D:1)
3 creatures vanquished.

Notes
Turn   | Place    | Note
-------+----------+-------------------------------------------
     0 | D:1      | Shard1697 the Meteoran Fighter began the quest for the Orb.
     0 | D:1      | Reached XP level 1. HP: 19/19 MP: 2/2
    52 | D:1      | Found Doisyazy's Magic Scroll Shop.
   100 | D:1      | Slain by a goblin

Illustrated notes

Levels and vault maps discovered:
D:1:      scummos_arrival_gate, layout_basic, serial_shops,
          nicolae_shop_real_fake_doors, shop, nicolae_shop_just_a_little_nook

Action                     || total
---------------------------++-------
  Melee: War axe           ||    11
 Armour: Scale mail        ||     9
  Dodge: Dodged            ||     8
  Block: Buckler           ||     5

Table legend: (Time is in decaauts)
 A = Elapsed time spent in this place.
 B = Non-inter-level travel time spent in this place.
 C = Inter-level travel time spent in this place.
 D = Time resting spent in this place.
 E = Time spent auto-exploring this place.
 F = Levels seen in this place.
 G = Mean time per level.
                   A        B        C        D        E       F      G
               +--------+--------+--------+--------+--------+-----+--------+
         Total |    104 |    104 |      0 |      0 |      2 |   1 |  104.0 |
       Dungeon |    104 |    104 |      0 |      0 |      2 |   1 |  104.0 |
               +--------+--------+--------+--------+--------+-----+--------+

Top non-repeatable levels by time:
     D:1: 104 daAuts
